 Dungeon Crawl Stone Soup version 0.17-a0-1210-g1e4f09d (webtiles) character file.

16 MonkeyBuisness the Covered (level 2, -1/19 HPs)
             Began as a Gargoyle Fighter on June 4, 2015.
             Slain by a gnoll
             ... wielding a +0 flail
              (6 damage)
             ... on level 2 of the Dungeon.
             The game lasted 00:01:52 (970 turns).

MonkeyBuisness the Covered (Gargoyle Fighter)        Turns: 970, Time: 00:01:52

Health: -1/19      AC:  9    Str: 19    XL:     2   Next: 54%
Magic:  2/2        EV:  7    Int:  8    God:
Gold:   80         SH:  9    Dex:  9    Spells: 0 memorised, 1 level left

rFire  . . .     SeeInvis .     a - +0 war axe
rCold  . . .     Clarity  .     b - +0 scale mail
rNeg   + . .     SustAt   .     c - +0 shield
rPois  ∞         Gourm    .     (no helmet)
rElec  +         Spirit   .     (no cloak)
rCorr  .         Warding  .     (no gloves)
rMut   .         Stasis   .     (no boots)
MR     .....                    (no amulet)
Stlth  ..........               (no ring)
                                (no ring)

@: not resistant to hostile enchantments, extremely unstealthy
A: negative energy resistance 1, electricity resistance, unbreathing,
petrification resistance, rot immunity, AC +2
a: no special abilities


You were on level 2 of the Dungeon.
You were not hungry.

You visited 1 branch of the dungeon, and saw 2 of its levels.

You collected 80 gold pieces.

Inventory:

Hand weapons
 a - a +0 war axe (weapon)
Armour
 b - a +0 scale mail (worn)
 c - a +0 shield (worn)
Jewellery
 g - an uncursed ring of protection from cold {unknown}
   (You found it on level 1 of the Dungeon)
Scrolls
 j - a scroll of identify {unknown}
Potions
 d - a potion of might
 f - 2 potions of curing {unknown}
 i - 2 potions of agility {unknown}
Comestibles
 e - a bread ration {@e1}
 h - a meat ration {@e2}


   Skills:
 + Level 3.4 Fighting
 + Level 2.0 Axes
 + Level 3.7 Armour
 + Level 0.4 Dodging
 - Level 3.2 Shields


You had one spell level left.
You didn't know any spells.

Dungeon Overview and Level Annotations

Branches:
Dungeon (2/15)

Altars:
Kikubaaqudgha


Innate Abilities, Weirdness & Mutations

You are resistant to torment.
Your stone body is resilient (AC +2).
You are immune to poison.
You resist negative energy.
You are resistant to electric shocks.
You can survive without breathing.
You are immune to petrification.
You are immune to rotting.


Message History

A hobgoblin comes into view. It is wielding a club.
The hobgoblin shouts!
You barely miss the hobgoblin. The hobgoblin hits you with a club.
You take 3 damage, and have 16/19 hp.
You completely miss the hobgoblin. You block the hobgoblin's attack.
You barely miss the hobgoblin.
The hobgoblin hits you but does no damage. x2
You barely miss the hobgoblin.
The hobgoblin hits you but does no damage.
You closely miss the hobgoblin. You block the hobgoblin's attack.
You hit the hobgoblin.
You kill the hobgoblin!
No target in view!
You now have 23 gold pieces (gained 15).
Found a stone staircase leading down.
Health restored: 19 A kobold comes into view.
It is wielding a short sword.
The kobold shouts!
The kobold throws a stone.
The stone hits you but does no damage.
You see here a stone.
The kobold throws a stone.
You block the stone.
You see here a stone.
The kobold throws a stone.
The stone completely misses you.
The kobold throws a stone.
The stone completely misses you.
You barely miss the kobold. The kobold barely misses you.
You hit the kobold but do no damage. The kobold hits you but does no damage.
Your shield and scale mail prevent you from hitting the kobold.
The kobold hits you but does no damage. x2
You closely miss the kobold. The kobold hits you but does no damage.
You slash the kobold!
You kill the kobold!
No target in view!
Things that are here:
a short sword; a stone You now have 32 gold pieces (gained 9).
You now have 50 gold pieces (gained 18).
You now have 54 gold pieces (gained 4).
Done exploring.
You see here a plate armour.
There is a stone staircase leading down here.
You climb downwards.
There is a stone staircase leading up here.
Found a stone staircase leading down.
You now have 58 gold pieces (gained 4).
You now have 76 gold pieces (gained 18).
You now have 80 gold pieces (gained 4).
A rat comes into view.
Your shield prevents you from hitting the rat.
The rat closely misses you. You block the rat's attack.
You slash the rat!
You kill the rat!
You see here a rat corpse.
Found an ancient bone altar of Kikubaaqudgha.
Miasma emanates from the human's flesh.
The human is engulfed in dark miasma.
The human is poisoned.
The human is engulfed in dark miasma.
The human looks even sicker.
The human seems to slow down.
The human dies!
The human rises from the dead!
A gnoll comes into view.
The gnoll shouts!
A gnoll comes into view. It is wielding a flail.
The gnoll shouts!
A giant gecko comes into view.
A gnoll comes into view. It is wielding a club.
The gnoll shouts!
You block the giant gecko's attack.
The giant gecko bites you but does no damage.
Found a stone staircase leading up.
You hit the gnoll but do no damage. x2
You hit the giant gecko. The giant gecko barely misses you. The gnoll hits you.
You take 2 damage, and have 17/19 hp.
You hit the giant gecko.
You kill the giant gecko!
You barely miss the gnoll. You closely miss the gnoll.
You block the gnoll's attack. The gnoll hits you but does no damage.
The gnoll hits you but does no damage. The gnoll hits you with a flail.
You take 4 damage, and have 13/19 hp.
MASSIVE DAMAGE!!
You hit the gnoll but do no damage. You closely miss the gnoll.
The gnoll hits you but does no damage.
You hit the gnoll. You barely miss the gnoll. The gnoll hits you.
The gnoll hits you with a flail. You block the gnoll's attack.
You take 2 damage, and have 11/19 hp.
Your shield and scale mail prevent you from hitting the gnoll.
The gnoll hits you with a flail. You block the gnoll's attack.
You take 3 damage, and have 8/19 hp.
You barely miss the gnoll. You closely miss the gnoll.
You hit the gnoll but do no damage. You block the gnoll's attack.
You block the gnoll's attack. The gnoll closely misses you.
The gnoll barely misses you. The gnoll completely misses you.
You barely miss the gnoll. The gnoll closely misses you.
You hit the gnoll. The gnoll hits you but does no damage.
You closely miss the gnoll. You block the gnoll's attack.
You hit the gnoll. The gnoll hits you with a flail.
* * * LOW HITPOINT WARNING * * *
You take 4 damage, and have 5/19 hp.
MASSIVE DAMAGE!!
You closely miss the gnoll. The gnoll hits you with a flail.
You die...

#####..#.# #.# #.###... #.
##Z##..#.# #.# #....... # # #.
######.#.# #.# #####... .#. #.
#...##.#.###.#########... ...#.
#._.#....#...............
#.#.##...#..###...............
...#.........................
####<#.#.#.....###############...
..(...........gg@....... #...
.........#....g###...... #...
######.#.#.....# ..... #...
.....####### .... #... ........
... .... ##....... .. #...
........ . #... ##........ #...
#...


You could see 3 gnolls.

Vanquished Creatures
  A goblin (D:1)
  2 hobgoblins (D:1)
  7 kobolds (D:1)
  2 giant geckos
  3 rats
15 creatures vanquished.

Vanquished Creatures (others)
  A human (D:2)
1 creature vanquished.

Grand Total: 16 creatures vanquished

Notes
Turn   | Place    | Note
--------------------------------------------------------------
     0 | D:1      | MonkeyBuisness the Gargoyle Fighter began the quest for the Orb.
     0 | D:1      | Reached XP level 1. HP: 14/14 MP: 1/1
     2 | D:1      | Noticed an electric eel
    18 | D:1      | Reached skill level 2 in Axes
   370 | D:1      | Reached XP level 2. HP: 19/19 MP: 2/2
   934 | D:2      | Found an ancient bone altar of Kikubaaqudgha.
   945 | D:2      | Noticed a human
   946 | D:2      | Killed a human
   970 | D:2      | Slain by a gnoll

Vault maps used:
D:1:      arrival_aquarium_a, serial_glass, glass_columns_a, glass_columns_c,
          glass_columns_b, glass_columns_a, glass_columns_a, glass_columns_a,
          glass_columns_c, glass_columns_b, minivault_5
D:2:      kennysheep_big_flooded_room, serial_bayou_pond_d, tgw_kikubaaqudgha

Action                   || total
-------------------------++-------
Melee: War axe           ||    62

Vault maps used:
D:1:      arrival_aquarium_a, serial_glass, glass_columns_a, glass_columns_c,
          glass_columns_b, glass_columns_a, glass_columns_a, glass_columns_a,
          glass_columns_c, glass_columns_b, minivault_5
D:2:      kennysheep_big_flooded_room, serial_bayou_pond_d, tgw_kikubaaqudgha

Table legend:
 A = Turns spent in this place as a percentage of turns spent in the entire game.
 B = Non-inter-level travel turns spent in this place as a percentage of non-inter-level travel turns spent in the entire game.
 C = Inter-level travel turns spent in this place as a percentage of turns spent in this place.
 D = Turns resting spent in this place as a percentage of non-inter-level travel turns spent in this place.
 E = Turns spent auto-exploring this place as a percentage of non-inter-level travel turns spent in this place.
 F = Non-inter-level travel turns spent in this place divided by the number of levels of this place that you've seen.
                   A       B       C       D       E      F
               +-------+-------+-------+-------+-------+----------------------
         Total | 100.0 | 100.0 |   0.6 |   1.3 |  15.9 |  78.5
       Dungeon | 100.0 | 100.0 |   0.6 |   1.3 |  15.9 |  78.5
               +-------+-------+-------+-------+-------+----------------------

Table legend:
 A = Kills in this place as a percentage of kills in entire the game.
 B = Kills by you in this place as a percentage of kills by you in the entire game.
 C = Kills by friends in this place as a percentage of kills by friends in the entire game.
 D = Other kills in this place as a percentage of other kills in the entire game.
 E = Experience gained in this place as a percentage of experience gained in the entire game.
 F = Experience gained in this place divided by the number of levels of this place that you have seen.
                   A       B       C       D       E      F
               +-------+-------+-------+-------+-------+----------------------
         Total | 100.0 | 100.0 |  -nan |  -nan | 100.0 |  11.5
       Dungeon | 100.0 | 100.0 |  -nan |  -nan | 100.0 |  11.5
               +-------+-------+-------+-------+-------+----------------------
